 Dungeon Crawl Stone Soup version 0.30-a0-1114-gd936c97349 (webtiles) character file.

Game seed: 1004548088144024374

15164 sanka the Martial Artist (level 11, 0/94 HPs)
             Began as a Black Draconian Monk on Apr 20, 2023.
             Slain by a blink frog (10 damage)
             ... on level 2 of the Lair of Beasts.
             The game lasted 00:22:40 (17067 turns).

sanka the Martial Artist (Black Draconian Monk)    Turns: 17067, Time: 00:22:41

Health: 0/94       AC:  7    Str: 15    XL:     11   Next: 98%
Magic:  12/20      EV: 16    Int: 11    God:
Gold:   2077       SH:  5    Dex: 16    Spells: 12/22 levels left

rFire   + . .      SeeInvis .      - Unarmed
rCold   + . .      Faith    .    b - orb {light}
rNeg    . . .      Spirit   .    (body armour unavailable)
rPois   +          Reflect  +    (helmet restricted)
rElec   +          Rampage  .    (no cloak)
rCorr   +                        (no gloves)
Will    .....                    (no boots)
Stlth   +                        c - amulet "Cyumem" {Reflect Fragile rPois rF+ SH+5}
HPRegen 0.35/turn                C - ring of protection from cold
MPRegen 0.17/turn                L - ring of resist corrosion

@: glowing
A: breathe lightning, AC +7, unfitting armour, electricity resistance,
cold-blooded
a: Breathe Lightning


You were on level 2 of the Lair of Beasts.
You visited 3 branches of the dungeon, and saw 14 of its levels.

You collected 2077 gold pieces.


Innate Abilities, Weirdness & Mutations

You can breathe wild blasts of lightning.
Your glossy black scales are hard. (AC +7)
You cannot fit into any form of body armour.
You are resistant to electric shocks. (rElec)
You are cold-blooded and may be slowed by cold attacks.


   Skills:
 - Level 8.0 Fighting
 - Level 8.0 Dodging
 + Level 13.1 Unarmed Combat
 - Level 6.0 Spellcasting
 - Level 10.0 Air Magic


You had 12 spell levels left.
You knew the following spells:

 Your Spells              Type           Power      Damage    Failure   Level
s - Swiftness             Air            25%        N/A       1%          3
y - Vhi's Electric Charg  Tloc/Air       28%        N/A       8%          3
z - Airstrike             Air            12%        2d(2-18)  3%          4

Your spell library contained the following spells:

 Spells                   Type           Power      Damage    Failure   Level
 Shock                    Conj/Air       56%        1d6       2%          1
 Apportation              Tloc           6%         N/A       19%         1
 Freeze                   Ice            12%        1d3       19%         1
 Slow                     Hex            12%        N/A       19%         1
 Lesser Beckoning         Tloc           6%         N/A       28%         2
 Confusing Touch          Hex            3%         N/A       50%         3
 Frozen Ramparts          Ice            6%         1d1       50%         3
 Gell's Gravitas          Tloc           3%         N/A       50%         3
 Hailstorm                Conj/Ice       3%         3d3       50%         3
 Ozocubu's Armour         Ice            3%         N/A       50%         3
 Teleport Other           Tloc           3%         N/A       50%         3
 Vampiric Draining        Necr           3%         2d6       50%         3
 Arcjolt                  Conj/Air       7%         1d17      56%         5
 Alistair's Intoxication  Tmut/Pois      2%         N/A       99%         5
 Ozocubu's Refrigeration  Ice            1%         4d7       100%        7
 Maxwell's Capacitive Co  Air            12%        ∞         100%        8

Inventory:

Hand Weapons
 M - the +7 shortbow of Dismemberment {flame, Will+}

   Will:      It increases your willpower.
Missiles
 t - 28 poisoned darts
 u - 2 javelins
 A - 2 throwing nets {=f}
 E - a curare-tipped dart {=f}
Armour
 b - an orb of light (worn)
Magical Staves
 q - a staff of conjuration {!a}
Jewellery
 c - the amulet "Cyumem" (around neck) {Reflect Fragile rPois rF+ SH+5}

   [amulet of reflection]

   It reflects blocked missile attacks.
   rF:        It protects you from fire.
   rPois:     It protects you from poison.
   Fragile:   It will be destroyed if unequipped.
   SH:        It affects your SH (+5).
 z - a ring of flight
 C - a ring of protection from cold (left hand)
 L - a ring of resist corrosion (right hand)
 Q - a ring of see invisible
 S - a ring of protection from fire
Wands
 p - a wand of charming (3)
 w - a wand of roots (1)
 O - a wand of quicksilver (2)
 R - a wand of flame (4)
Scrolls
 d - 3 scrolls of vulnerability {!r}
 e - a scroll of fog {unknown}
 f - 6 scrolls of enchant weapon
 n - 6 scrolls of teleportation {@r4}
 r - 2 scrolls of poison
 v - 4 scrolls of brand weapon
 x - a scroll of amnesia {unknown}
 y - 2 scrolls of immolation {unknown}
 B - a scroll of torment {unknown}
 D - a scroll of fear
 F - a scroll of noise {unknown}
 J - 4 scrolls of identify {@r1}
 K - a scroll of magic mapping {unknown}
 N - a scroll of summoning {unknown}
Potions
 a - a potion of ambrosia
 g - a potion of flight {unknown}
 h - 4 potions of heal wounds {unknown}
 i - a potion of haste {unknown}
 j - 2 potions of brilliance {unknown}
 k - a potion of cancellation {unknown}
 l - 6 potions of curing {@q1}
 m - a potion of lignification {unknown}
 o - 4 potions of mutation {unknown}
 s - 2 potions of resistance
 G - a potion of attraction {unknown}
 H - a potion of degeneration {unknown}

Dungeon Overview and Level Annotations

Branches:
Dungeon (11/15)            Temple (1/1) D:7            Lair (2/5) D:8
    Orc (0/2) D:11
  Swamp: Lair:2-3    Shoals: Lair:2-3     Snake: Lair:2-3    Spider: Lair:2-3

Altars:
Ashenzari
Cheibriados
Dithmenos
Elyvilon
Fedhas
Gozag
Hepliaklqana
Kikubaaqudgha
Makhleb
Nemelex Xobeh
Okawaru
Qazlal
Ru
Sif Muna
Trog
Uskayaw
Vehumet
Wu Jian
Xom
Yredelemnul
Zin
The Shining One

..........F........
...........▒......▒
........F.▒...8....
.........▒.........
........▒.......▒▒▒
..▒▒▒▒▒...8...▒..▒
.8.▒▒...#........
........F†........
8.<....8FdF8..8...
.....▒...F.......
▒.8.▒▒...........
▒▒.▒ ▒▒..8....▒▒▒
▒. .........▒ ▒
..▒▒........ ...
▒▒...8... ....
.......


You could see 5 blink frogs.


Message History

Unknown command.
The blink frog attacks as you move away!
The blink frog misses you. The blink frog hits you!
* * * LOW HITPOINT WARNING * * *
The blink frog blinks!
The blink frog blinks!
The blink frog closely misses you.
The blink frog blinks!
The blink frog blinks!
The blink frog hits you!
* * * LOW HITPOINT WARNING * * *
The blink frog attacks as you move away!
The blink frog closely misses you. The blink frog barely misses you.
The blink frog blinks!
You block the blink frog's attack.
The blink frog blinks!
The blink frog blinks!
The blink frog blinks!
The blink frog misses you.
The blink frog blinks!
The blink frog completely misses you. The blink frog barely misses you.
There is a stone staircase leading up, spattered with blood here.
The blink frog hits you!
* * * LOW HITPOINT WARNING * * *
The blink frog barely misses you. The blink frog hits you!
You die...

Action                     |  1- 3 |  4- 6 |  7- 9 | 10-12 || total
---------------------------+-------+-------+-------+-------++-------
  Melee: Unarmed           |   148 |   101 |   427 |   273 ||   949
         Tailslap          |    22 |    12 |    73 |    88 ||   195
         Trident           |       |       |     4 |   124 ||   128
  Throw: Dart              |       |     4 |     8 |     6 ||    18
   Cast: Airstrike         |       |       |       |   101 ||   101
  Evoke: Wand              |       |       |     2 |     7 ||     9
    Use: Scroll            |       |       |     6 |     5 ||    11
         Potion            |       |       |     3 |       ||     3
 Armour: Skin              |    50 |    30 |   106 |    87 ||   273
  Dodge: Dodged            |    71 |    53 |   291 |   348 ||   763
  Block: Orb               |       |       |    43 |   111 ||   154
         Reflection        |       |       |     2 |     9 ||    11

Levels and vault maps discovered:
D:1:      minmay_arrival_stone_box, layout_rooms,
          chequers_serial_rivers_micro_b, columned_hall_lemuel
D:2:      layout_loops_ring, chequers_serial_rivers_micro_b, minivault_11,
          kennysheep_another_room, minmay_ruptured
D:3:      layout_basic, minmay_misc_feat_iff, chequers_serial_rivers_micro_d,
          st_stairs_10, kennysheep_small_spiral, nicolae_underground_beach,
          uniq_jessica
D:4:      layout_rooms, minmay_overflow_temple_star_quad,
          kennysheep_generic_room_12, uniq_sigmund
D:5:      layout_rooms, uniq_menkaure, uniq_duvessa
D:6:      layout_cave_pools, makhleb_altar_promises_db,
          nicolae_vehumet_altar_sigil, kennysheep_nondescript,
          grunt_ministairs_2, kb_lookout_dungeons_type
D:7:      layout_basic, minmay_temple_entry_junction,
          amcnicky_mini_corridor_feature, st_stairs_14
D:8:      layout_gridville, lair_entry_dummy
D:9:      layout_gridville, special_room [special_room_orc]
D:10:     layout_small_grid, hangedman_decor_lopped, nrook_uturn
D:11:     layout_long_grid, hiddenorc2_lemuel, nzn_wu_jian_contemplation
Temple:   bh_familiar_temple
Lair:1:   beast_lair_carwin_large_1, layout_regular_city
Lair:2:   layout_regular_city, serial_bayou_shore_b, grunt_megastairs_3,
          infiniplex_staircase_pool

Notes
Turn   | Place    | Note
-------+----------+-------------------------------------------
     0 | D:1      | sanka the Draconian Monk began the quest for the Orb.
     0 | D:1      | Reached XP level 1. HP: 19/19 MP: 1/1
   136 | D:1      | Reached XP level 2. HP: 23/26 MP: 2/2
   268 | D:1      | Reached skill level 4 in Unarmed Combat
   406 | D:1      | Reached XP level 3. HP: 31/31 MP: 3/3
  1093 | D:2      | Reached skill level 5 in Unarmed Combat
  1093 | D:2      | Reached XP level 4. HP: 34/38 MP: 4/4
  1899 | D:3      | Noticed Jessica
  1907 | D:3      | Killed Jessica
  2774 | D:4      | Reached XP level 5. HP: 30/45 MP: 5/5
  2901 | D:4      | Reached skill level 6 in Unarmed Combat
  2912 | D:4      | HP: 2/45 [orc priest/nerve-wracking pain (6)]
  3109 | D:4      | Reached XP level 6. HP: 35/51 MP: 6/6
  3251 | D:4      | Noticed Sigmund
  3280 | D:3      | Reached skill level 7 in Unarmed Combat
  3517 | D:4      | Killed Sigmund
  3518 | D:4      | Reached skill level 8 in Unarmed Combat
  3634 | D:4      | Your scales start taking on a glossy black colour.
  3634 | D:4      | Reached XP level 7. HP: 49/57 MP: 7/7
  3634 | D:4      | Gained mutation: You are resistant to electric shocks.
                  | (rElec) [Black Draconian growth]
  3781 | D:4      | Found a broken altar of Ashenzari.
  3783 | D:4      | Found a blossoming altar of Fedhas.
  3786 | D:4      | Found a glowing silver altar of Zin.
  4049 | D:5      | Entered Level 5 of the Dungeon
  4049 | D:5      | Noticed Duvessa
  4050 | D:5      | Noticed Dowan
  4058 | D:5      | Killed Duvessa
  4059 | D:5      | Reached skill level 9 in Unarmed Combat
  4138 | D:5      | Killed Dowan
  4516 | D:5      | Reached XP level 8. HP: 25/63 MP: 8/8
  4693 | D:5      | Noticed Menkaure
  4892 | D:5      | Reached skill level 10 in Unarmed Combat
  5017 | D:5      | Reached skill level 3 in Dodging
  5456 | D:6      | Reached skill level 4 in Fighting
  5745 | D:6      | Reached skill level 4 in Dodging
  5812 | D:6      | Reached skill level 5 in Fighting
  5937 | D:5      | Reached skill level 6 in Fighting
  5937 | D:5      | Reached skill level 5 in Dodging
  6058 | D:5      | HP: 4/70 [vampire mosquito (6)]
  6259 | D:4      | Identified a scroll of acquirement
  6260 | D:4      | Acquired the amulet "Cyumem" {Reflect Fragile rPois rF+
                  | SH+5}
  6284 | D:5      | Reached XP level 9. HP: 29/78 MP: 9/9
  6518 | D:5      | Reached skill level 7 in Fighting
  6892 | D:6      | Reached skill level 6 in Dodging
  7069 | D:6      | Found a radiant altar of Vehumet.
  7131 | D:6      | Found a burning altar of Makhleb.
  7131 | D:6      | Noticed a cacodemon
  7399 | D:7      | Reached skill level 8 in Fighting
  7512 | D:7      | Reached skill level 7 in Dodging
  7809 | D:7      | Found a staircase to the Ecumenical Temple.
  8472 | Temple   | Entered the Ecumenical Temple
  8697 | D:8      | Reached skill level 8 in Dodging
  8750 | D:8      | Found a staircase to the Lair.
  8865 | D:8      | Identified the +11 trident of Noon {heavy, rF+}
  8908 | D:8      | Learned a level 3 spell: Swiftness
  8913 | D:8      | Learned a level 4 spell: Airstrike
  8969 | D:8      | Noticed a two-headed ogre
  8990 | D:8      | Killed a two-headed ogre
  8991 | D:8      | Reached skill level 2 in Spellcasting
  8991 | D:8      | Reached skill level 2 in Air Magic
  8991 | D:8      | Reached XP level 10. HP: 54/88 MP: 9/13
  9209 | D:8      | Reached skill level 3 in Air Magic
  9496 | D:8      | Acquired 903 gold pieces
  9499 | Lair:1   | Entered Level 1 of the Lair of Beasts
 10058 | D:9      | Reached skill level 4 in Air Magic
 10073 | D:9      | Reached skill level 3 in Spellcasting
 10467 | D:9      | Reached skill level 5 in Air Magic
 10633 | D:9      | Identified the +7 shortbow of Dismemberment {flame, Will+}
 10633 | D:9      | Identified the +3 leather armour of Xudi {Rampage rC+}
 10639 | D:9      | Reached skill level 4 in Spellcasting
 10705 | D:10     | Entered Level 10 of the Dungeon
 10798 | D:10     | Noticed a two-headed ogre
 10806 | D:10     | Killed a two-headed ogre
 10807 | D:10     | Reached skill level 6 in Air Magic
 10996 | D:10     | Identified +0 acid dragon scales
 11436 | D:9      | Reached skill level 5 in Spellcasting
 11553 | D:9      | Reached skill level 7 in Air Magic
 11663 | D:9      | HP: 1/88 [yak (14)]
 12424 | D:11     | Reached XP level 11. HP: 58/92 MP: 3/19
 12545 | D:11     | Reached skill level 6 in Spellcasting
 12545 | D:11     | Reached skill level 8 in Air Magic
 12717 | D:11     | Noticed a two-headed ogre
 12726 | D:11     | Killed a two-headed ogre
 12727 | D:11     | Reached skill level 9 in Air Magic
 13026 | D:11     | Reached skill level 10 in Air Magic
 13372 | D:11     | Found a staircase to the Orcish Mines.
 13687 | D:11     | Found an ornate altar of the Wu Jian Council.
 14329 | D:11     | Reached skill level 11 in Unarmed Combat
 14676 | D:5      | Killed Menkaure
 14961 | Lair:1   | Identified the +1 robe "Afaetop" {rCorr Str+2 Dex+3}
 15826 | Lair:1   | Reached skill level 12 in Unarmed Combat
 16040 | Lair:1   | Learned a level 3 spell: Vhi's Electric Charge
 16927 | Lair:2   | Reached skill level 13 in Unarmed Combat
 17067 | Lair:2   | Slain by a blink frog

Vanquished Creatures
  3 two-headed ogres
  A cyclops (D:11)
  A black mamba (Lair:2)
  A cane toad (Lair:1)
  2 komodo dragons
  A rime drake (Lair:1)
  A troll (D:9)
  4 polar bears (Lair:1)
  A shadow (D:11)
  Sigmund (D:4)
  3 wyverns
  21 yaks
  3 vampire mosquitoes (D:5)
  2 basilisks (Lair:1)
  Menkaure (D:5)
  An acid dragon (D:10)
  Duvessa (D:5)
  5 water moccasins
  2 ice beasts
  A sky beast (D:6)
  4 black bears (Lair:1)
  9 orc warriors
  6 centaurs
  5 kobold brigands
  3 bullfrogs
  3 scorpions
  3 gnoll sergeants
  8 wights
  Dowan (D:5)
  6 killer bees
  3 howler monkeys
  A jelly (D:8)
  12 orc priests
  A gnoll bouda (D:5)
  8 hounds
  A sleepcap (D:8)
  Jessica (D:3)
  3 iguanas (D:7)
  21 orc wizards
  18 gnolls
  10 adders
  2 shadow imps
  2 white imps
  A worm (D:2)
  3 dart slugs (D:1)
  81 orcs
  8 endoplasms
  A giant cockroach (D:2)
  5 goblins
  6 hobgoblins
  8 jackals
  6 quokkas
  6 ball pythons
  5 bats
  5 frilled lizards
  35 kobolds
  3 rats
360 creatures vanquished.

Vanquished Creatures (others)
  A bush (D:6)
  6 plants
7 creatures vanquished.

Grand Total: 367 creatures vanquished
